 Dungeon Crawl Stone Soup version 0.31.0-11-ge490571c62 (webtiles) character file.

Game seed: 7772852009295501242

502 browni3141 the Chopper (level 6, -10/56 HPs)
             Began as a Minotaur Fighter on Jan 29, 2024.
             Was an Initiate of Okawaru.
             Mangled by a gnoll
             ... wielding a +0 halberd
              (36 damage)
             ... on level 4 of the Dungeon.
             The game lasted 00:01:40 (3408 turns).

browni3141 the Chopper (Minotaur Fighter)           Turns: 3408, Time: 00:01:40

Health: -10/56     AC:  8    Str: 22    XL:     6   Next: 95%
Magic:  5/5        EV:  2    Int:  5    God:    Okawaru [......]
Gold:   164        SH:  0    Dex: 10    Spells: 5/5 levels left

rFire   . . .        a - +0 war axe
rCold   . . .        c - +0 buckler
rNeg    . . .        b - +0 scale mail
rPois   .            (helmet restricted)
rElec   .            (no cloak)
rCorr   .            g - +0 pair of gloves
SInv    .            (no boots)
Will    .....        (no amulet) Stlth
                     (no ring)
HPRegen 0.29/turn    (no ring)
MPRegen 0.09/turn

%: no passive effects
@: sleeping
A: horns 2, retaliatory headbutt
a: Renounce Religion


You were on level 4 of the Dungeon.
You worshipped Okawaru.
Okawaru was noncommittal.
You visited 1 branch of the dungeon, and saw 4 of its levels.
You also visited: Sewer.

You collected 164 gold pieces.

Inventory:

Hand Weapons
 a - a +0 war axe (weapon)
Armour
 b - a +0 scale mail (worn)
 c - a +0 buckler (worn)
 g - a +0 pair of gloves (worn)
Wands
 m - a wand of quicksilver (9)
Scrolls
 e - 2 scrolls of immolation {unknown}
 h - 4 scrolls of teleportation
 i - a scroll of enchant weapon {unknown}
 j - 2 scrolls of amnesia {unknown}
 l - a scroll of poison {unknown}
 o - 2 scrolls of identify {unknown}
 s - a scroll of torment {unknown}
Potions
 f - 2 potions of brilliance {unknown}
 k - a potion of invisibility {unknown}
 n - a potion of attraction {unknown}
 p - 2 potions of enlightenment
 q - a potion of cancellation {unknown}
 r - 2 potions of might


   Skills:
 + Level 5.2 Fighting
 * Level 5.9 Axes
 + Level 5.3 Armour
 + Level 5.3 Shields
 + Level 0.6 Evocations


You had 5 spell levels left.
You didn't know any spells.
Your spell library contained the following spells:

 Spells                   Type           Power      Damage    Failure   Level
 Necrotise                Necr           0%         1d4       85%         1
 Sting                    Conj/Alch      0%         1d3       85%         1
 Ensorcelled Hibernation  Hex/Ice        0%         N/A       94%         2
 Mercury Vapours          Alch/Air       0%         N/A       94%         2
 Passwall                 Erth           0%         N/A       99%         3
 Swiftness                Air            0%         N/A       99%         3
 Vampiric Draining        Necr           0%         2d6       99%         3
 Olgreb's Toxic Radiance  Alch           0%         N/A       100%        4
 Curse of Agony           Necr           0%         N/A       100%        5
 Ozocubu's Refrigeration  Ice            0%         4d7       100%        7
 Discord                  Hex            0%         N/A       100%        8
 Martyr's Knell           Necr/Summ      Unusable   N/A       N/A         4

Dungeon Overview and Level Annotations

Branches:
Dungeon (4/15)              Sewer (visited)
 Temple: D:4-7

Altars:
Cheibriados
Okawaru
Ru
Wu Jian

Annotations:
D:4 Dowan, Duvessa


Innate Abilities, Weirdness & Mutations

You have a pair of horns on your head.
You reflexively headbutt those who attack you in melee.


Message History

You slash the iguana!
You kill the iguana!
Okawaru accepts your kill.
No target in view!
You see here an iguana corpse.
An endoplasm comes into view.
The endoplasm quivers.
There is a stone staircase leading down here.
An endoplasm is nearby!
The endoplasm freezes you.
You are frozen.
An endoplasm is nearby!
An endoplasm is nearby!
You hit the endoplasm but do no damage. You headbutt the endoplasm.
The endoplasm is lightly wounded.
The endoplasm hits you.
An endoplasm is nearby!
You hit the endoplasm.
The endoplasm is heavily wounded.
The endoplasm closely misses you. You furiously retaliate!
You headbutt the endoplasm!
You kill the endoplasm!
Okawaru accepts your kill.
No target in view!
Key pressed, stopping explore.
A howler monkey comes into view.
The howler monkey howls!
The howler monkey hoots and howls with incredible vigour!
You hear a shout!
A howler monkey is nearby!
The howler monkey hoots and howls with incredible vigour!
You hear an angry growl.
You hear a shout! x4
You barely miss the howler monkey.
The howler monkey hits you but does no damage.
The howler monkey hits you.
A howler monkey is nearby!
A howler monkey is nearby!
You slash the howler monkey! Your headbutt misses the howler monkey.
The howler monkey is almost dead.
The howler monkey hits you but does no damage.
You slash the howler monkey!
You kill the howler monkey!
Okawaru accepts your kill.
No target in view!
No target in view!
No target in view!
A gnoll comes into view. It is wielding a +0 spear.
A gnoll is nearby!
A gnoll is nearby!
A gnoll is nearby!
The gnoll barely misses you.
A gnoll is nearby!
The gnoll hits you with a +0 spear.
You hit the gnoll. You headbutt the gnoll!
The gnoll is almost dead.
The gnoll hits you with a +0 spear.
You hit the gnoll.
You kill the gnoll!
Okawaru accepts your kill.
Things that are here:
a +0 spear; a gnoll corpse No target in view!
No target in view!
A gnoll comes into view. It is wielding a +0 flail.
A gnoll comes into view. It is wielding a +0 halberd.
The gnoll shouts! x2; You hear a shout!
Dowan, Brother of Duvessa comes into view.
He is wielding a +0 dagger.
A sleepcap comes into view.
There are monsters nearby!
There are monsters nearby!
You slash the gnoll!
The gnoll is almost dead.
The gnoll barely misses you. x2
Duvessa, Sister of Dowan comes into view.
She is wielding a +0 rapier.
You barely miss the gnoll.
You headbutt the gnoll, but do no damage.
The gnoll is almost dead.
Dowan casts a spell at Duvessa.
Duvessa seems to speed up.
The gnoll hits you but does no damage. The gnoll closely misses you.
The gnoll hits you but does no damage. You block the gnoll's attack.
There are monsters nearby!
You hit the gnoll but do no damage. You headbutt the gnoll.
You kill the gnoll!
Okawaru accepts your kill.
The gnoll hits you from afar with a +0 halberd.
You block the gnoll's attack.
Things that are here:
a +0 flail; a gnoll corpse The gnoll hits you but does no damage.
The sleepcap barely misses you. You furiously retaliate!
You headbutt the sleepcap. You hit the sleepcap but do no damage.
The sleepcap is lightly damaged.
You barely miss the gnoll. The gnoll hits you with a +0 halberd!
The sleepcap releases spores at you.
You are engulfed in a cloud of soporific spores!
You fall asleep.
The gnoll hits you with a +0 halberd!!!
Ouch! That really hurt!
You die...

........... ..#
..........# #.#
..........# #.#
..........# #.# ##
..........# #.# ..#
........†####.##.#.#
###..<.ee>....#....#
#####gf####..#####
#.@#)........#
#.)...#..##$##
#.##....#.# #
#.##.#####.. #.##.#
#..# #.##.# #... #.
#.# ##. #. #.# .. .#


You could see Duvessa (fast), a sleepcap, Dowan and a gnoll.

Vanquished Creatures
  2 crocodiles (Sewer)
  A scorpion (D:4)
  A howler monkey (D:4)
  An iguana (D:4)
  A sickly merfolk siren (Sewer)
  A malarious merfolk avatar (Sewer)
  Robin (D:2)
  2 gnolls (D:4)
  2 adders (D:2)
  A river rat (D:3)
  A ribbon worm (D:2)
  2 dart slugs
  11 ball pythons
  5 endoplasms
  3 giant cockroaches
  14 goblins
  10 hobgoblins
  6 jackals
  4 quokkas
  5 bats
  6 frilled lizards
  5 kobolds
  16 rats
101 creatures vanquished.

Notes
Turn   | Place    | Note
-------+----------+-------------------------------------------
     0 | D:1      | browni3141 the Minotaur Fighter began the quest for the
                  | Orb.
     0 | D:1      | Reached XP level 1. HP: 19/19 MP: 0/0
   224 | D:1      | Reached XP level 2. HP: 27/27 MP: 1/1
   551 | D:1      | Reached XP level 3. HP: 33/33 MP: 2/2
  1075 | D:2      | Noticed Robin
  1098 | D:2      | Killed Robin
  1099 | D:2      | Reached XP level 4. HP: 23/40 MP: 3/3
  1358 | D:2      | Found a faded altar of an unknown god.
  1566 | D:2      | You fall into a shaft and drop 1 floor!
  1573 | D:3      | Found a sacrificial altar of Ru.
  1641 | D:3      | Found a glowing drain.
  1656 | D:3      | Found a snail-covered altar of Cheibriados.
  1669 | Sewer    | Entered a sewer
  1699 | Sewer    | Noticed a crocodile
  1705 | Sewer    | Killed a crocodile
  1706 | Sewer    | Reached XP level 5. HP: 10/47 MP: 4/4
  1945 | Sewer    | Reached skill level 5 in Axes
  1979 | Sewer    | Noticed a crocodile
  1987 | Sewer    | Killed a crocodile
  1988 | Sewer    | Reached skill level 5 in Shields
  1988 | Sewer    | Reached XP level 6. HP: 17/55 MP: 5/5
  1990 | Sewer    | Reached skill level 5 in Armour
  1998 | Sewer    | Reached skill level 5 in Fighting
  2427 | D:3      | Found an ornate altar of the Wu Jian Council.
  2564 | D:3      | Found an iron altar of Okawaru.
  2586 | D:3      | Became a worshipper of Warmaster Okawaru
  3401 | D:4      | Noticed Dowan
  3402 | D:4      | Noticed Duvessa
  3408 | D:4      | Mangled by a gnoll

Illustrated notes

Levels and vault maps discovered:
D:1:      orjb1_lava_funnel, layout_basic, minmay_quantized
D:2:      layout_basic, ebering_ecumenical_altar_webs, uniq_robin
D:3:      layout_basic, nicolae_wu_jian_wuxing_cycle,
          mainiacjoe_overflow_boulevard, okawaru_gym_becter,
          kennysheep_slug_shrine, gup_sewer_entry_bowl
D:4:      layout_loops_ring, dk_yredelemnul_ordeal, gammafunk_ghost_cemetery,
          uniq_duvessa, uniq_crazy_yiuf_cottage

Skill      XL: |  1  2  3  4  5  6 |
---------------+-------------------+-----
Axes           | 3 4 5 |  5.9
Armour         | 4 5 |  5.3
Shields        | 4 5 |  5.3
Fighting       | 4 5 |  5.2
Evocations     | |  0.6

Action                     |  1- 3 |  4- 6 || total
---------------------------+-------+-------++-------
  Melee: War axe           |    91 |   125 ||   216
         Headbutt          |    13 |    10 ||    23
  Evoke: Wand              |       |     3 ||     3
    Use: Potion            |       |     2 ||     2
 Armour: Scale mail        |    84 |    91 ||   175
  Dodge: Dodged            |    35 |    70 ||   105
  Block: Buckler           |    27 |    29 ||    56
